 Dungeon Crawl Stone Soup version 0.28.0-49-g6dfe1f597d (webtiles) character file.

Game seed: 16076004730033534065

5 101zpm the Magician (level 1, 0/15 HPs)
             Began as a Djinni Fire Elementalist on May 11, 2022.
             Slain by a quokka (1 damage)
             ... on level 2 of the Dungeon.
             The game lasted 00:01:02 (57 turns).

101zpm the Magician (Djinni Fire Elementalist)        Turns: 57, Time: 00:01:02

Health: 0/15       AC:  2    Str:  7    XL:     1   Next: 88%
Gold:   0          EV: 12    Int: 16    God:
                   SH:  0    Dex: 13

rFire   + + .      SeeInvis .   (no weapon)
rCold   x . .      Faith    .   (no shield)
rNeg    . . .      Spirit   .   a - +0 robe
rPois   ∞          Reflect  .   (no helmet)
rElec   .          Harm     .   (no cloak)
rCorr   .          Rampage  .   (no gloves)
Will    .....                   (boots unavailable)
Stlth   ++........              (no amulet)
HPRegen 0.05/turn               (no ring)
MPRegen 0.00/turn               (no ring)

@: flying, very slightly contaminated
A: sickness immunity, fire resistance 2, cold vulnerability 1, float, innate
caster, HP casting, extra vitality 1
a: no special abilities


You were on level 2 of the Dungeon.
You visited 1 branch of the dungeon, and saw 2 of its levels.

Inventory:

Armour
 a - a +0 robe (worn)


   Skills:
 + Level 2.2 Dodging
 + Level 1.6 Stealth
 + Level 2.6 Spellcasting


You couldn't memorise any spells.
You knew the following spells:

 Your Spells              Type           Power      Damage    Failure   Level
a - Foxfire               Conj/Fire      40%        2x1d6     7%          1
b - Scorch                Fire           20%        2d6       10%         2
c - Conjure Flame         Conj/Fire      10%        6-21      21%         3
d - Inner Flame           Hex/Fire       10%        N/A       21%         3
e - Flame Wave            Conj/Fire      10%        2d5       54%         4
Your spell library was empty.

Dungeon Overview and Level Annotations

Branches:
Dungeon (1/15)

Altars:


Innate Abilities, Weirdness & Mutations

You are immune to sickness and miasma.
You are immune to poison.
Your flesh is very heat resistant. (rF++)
You are vulnerable to cold. (rC-)
You float through the air rather than walking.
You learn spells naturally, not from books.
Your magical power is your life essence.
You have superior vitality. (+4 MHP)


Message History

You miss the bat. The bat closely misses you.
The bat hits you but does no damage.
You closely miss the bat. The bat hits you but does no damage.
The bat closely misses you.
You miss the bat. The bat barely misses you. The bat closely misses you.
You hit the bat.
The bat is severely wounded.
The bat closely misses you. The bat barely misses you.
You barely miss the bat.
The bat is moderately wounded.
The bat closely misses you. The bat barely misses you.
You closely miss the bat.
The bat is moderately wounded.
The bat closely misses you.
You hit the bat but do no damage.
The bat is moderately wounded.
The bat barely misses you. The bat hits you but does no damage.
The bat closely misses you. The bat hits you but does no damage.
A rat and a quokka come into view.
The bat hits you but does no damage.
Casting: Foxfire (safe; 7% risk of failure)
Press: ? - help, Q - select action, (/) - cycle Dir - look around, f - activate You conjure some foxfire!
* * * LOW HITPOINT WARNING * * *
The foxfire hits the bat.
You kill the bat!
Casting: Foxfire (safe; 7% risk of failure)
Press: ? - help, Q - select action, (/) - cycle Dir - look around, f - activate You miscast Foxfire.
You are very lightly contaminated with residual magic.
Nothing appears to happen.
* * * LOW HITPOINT WARNING * * *
The foxfire hits the quokka.
The quokka is almost dead.
A dart slug comes into view.
You don't have enough health to cast this spell.
You don't have enough health to cast this spell.
The quokka closely misses you. The quokka bites you.
You die...

# #.# ....... ###. #.#
#....# w.#r## #.#
#...#
.....##.######..[#
.....#.#........###
#.#....†####......
#..#...###...#####
#####...........##
#...@rg....#.##..####
#..#####.#..##.#......
# ...#.# #.#####
##....# #.# # #.##..
..# #.# ###.... #.#
###. # .# .S #.w.


You could see a quokka and a hobgoblin.

Vanquished Creatures
  2 bats (D:2)
  An endoplasm (D:2)
  A hobgoblin (D:2)
  A kobold (D:2)
5 creatures vanquished.

Vanquished Creatures (others)
  8 foxfires (D:2)
8 creatures vanquished.

Grand Total: 13 creatures vanquished

Notes
Turn   | Place    | Note
-------+----------+-------------------------------------------
     0 | D:1      | 101zpm the Djinni Fire Elementalist began the quest for the
                  | Orb.
     0 | D:1      | Reached XP level 1. HP: 15/15 MP: 0/0
    13 | D:1      | You are sucked into a shaft and drop 1 floor!
    57 | D:2      | Slain by a quokka

Illustrated notes

Levels and vault maps discovered:
D:1:      dpeg_arrival_rooms_with_view, layout_rooms,
          ebering_ecumenical_altar_petrified, chequers_serial_rivers_large_b,
          minmay_hedge_maze
D:2:      layout_rooms, minmay_misc_feat_tiny, skrybe_limestone_x,
          uniq_crazy_yiuf_cottage

Action                   || total
-------------------------++-------
Melee: Unarmed           ||     7
 Cast: Foxfire           ||     8
Armor: Robe              ||     6
Dodge: Dodged            ||    17
